 Dungeon Crawl Stone Soup version 0.28-a0-643-g84cb2ea78e (webtiles) character file.

Game seed: 6857187615219272433

81 Sabo the Covered (level 4, -4/37 HPs)
             Began as a Formicid Fighter on Oct 10, 2021.
             Was an Initiate of Cheibriados.
             Killed from afar by Sigmund (9 damage)
             ... with a puff of flame
             ... on level 2 of the Dungeon.
             The game lasted 00:06:52 (1315 turns).

Sabo the Covered (Formicid Fighter)                 Turns: 1315, Time: 00:06:52

Health: -4/37      AC:  8    Str: 23    XL:     4   Next: 68%
Magic:  4/4        EV:  9    Int:  8    God:    Cheibriados [......]
Gold:   15         SH:  4    Dex: 11    Spells: 3/3 levels left

rFire   . . .      SeeInvis +   a - +0 quarterstaff
rCold   . . .      Faith    .   c - +0 buckler
rNeg    . . .      Spirit   .   b - +0 scale mail
rPois   .          Reflect  .   (helmet unavailable)
rElec   .          Harm     .   (no cloak)
rCorr   .          Rampage  .   (no gloves)
Will    .....                   j - +0 pair of boots
Stlth   ..........              (no amulet)
HPRegen 0.12/turn               (no ring)
MPRegen 0.09/turn               (no ring)

@: mighty, very slow
A: permanent stasis, dig shafts and tunnels, antennae 3, four strong arms
a: Dig, Shaft Self, Renounce Religion, Bend Time


You were on level 2 of the Dungeon.
You worshipped Cheibriados.
Cheibriados was noncommittal.
You visited 1 branch of the dungeon, and saw 2 of its levels.

You collected 15 gold pieces.

Inventory:

Hand Weapons
 a - a +0 quarterstaff (weapon)
 h - a +2 short sword of draining
Missiles
 f - 14 sling bullets
 k - 16 poisoned darts
Armour
 b - a +0 scale mail (worn)
 c - a +0 buckler (worn)
 j - a +0 pair of boots (worn)
Scrolls
 e - a scroll of teleportation {unknown}
 g - a scroll of blinking {unknown}
Potions
 i - 2 potions of curing {unknown}


   Skills:
 + Level 3.8 Fighting
 + Level 3.1 Staves
 + Level 4.2 Armour
 + Level 3.9 Shields


You had 3 spell levels left.
You didn't know any spells.
Your spell library was empty.

Dungeon Overview and Level Annotations

Branches:
Dungeon (2/15)

Altars:
Cheibriados

Annotations:
D:2 Sigmund


Innate Abilities, Weirdness & Mutations

You cannot be hasted, slowed, berserked, paralysed or teleported.
You can dig through walls and to a lower floor.
You have a pair of large antennae on your head. (SInv)
Your four strong arms can wield two-handed weapons with a shield.


Message History

Jessica casts a spell at you. Pain shoots through your body!
Jessica hits you with a +0 dagger of electrocution.
You thump Jessica!
You kill Jessica!
Cheibriados thoroughly appreciates the change of pace.
Sigmund hits you from afar with a +2 vorpal scythe.
The adder barely misses you.
Your Staves skill increases to level 3!
Your Armour skill increases to level 4!
You have reached level 4!
You feel stronger.
You feel very mighty all of a sudden.
Sigmund casts a spell.
Sigmund flickers and vanishes for a moment.
The adder bites you but does no damage.
You miss the adder. The adder bites you.
You are poisoned.
The adder poisons you!
Sigmund hits you from afar with a +2 vorpal scythe!
The adder bites you but does no damage.
You bludgeon the adder!!
You kill the adder!
Cheibriados thoroughly appreciates the change of pace.
You feel sick. Sigmund closely misses you. You block the ball python's attack.
The ball python closely misses you.
You sock the ball python!
You kill the ball python!
Cheibriados appreciates the change of pace.
You feel sick. Sigmund hits you but does no damage.
Found an escape hatch in the floor.
You feel sick. Sigmund barely misses you.
Items here: ) [ ††.
You feel sick.
You feel sick.
You are no longer poisoned.
Sigmund barely misses you. Sigmund hits you but does no damage.
You barely miss Sigmund.
Sigmund points at you and mumbles some strange words.
The puff of flame hits you!
You die...

#.# #...... #.#
#...... #.#
#...... #.#
#......
########## #.#
#######
..>......# #.#
.........# #.#
.........# #.#
.......@@###.##
.........)..>.+
.........######
######...#
#...# #...#
#.... #...#
#...#


You could see Sigmund (invisible).

Vanquished Creatures
  Jessica (D:2)
  4 adders (D:2)
  A giant cockroach (D:2)
  A goblin (D:2)
  3 hobgoblins
  A quokka (D:1)
  2 ball pythons (D:2)
  2 bats
  3 frilled lizards
  5 kobolds
23 creatures vanquished.

Notes
Turn   | Place    | Note
-------+----------+-------------------------------------------
     0 | D:1      | Sabo the Formicid Fighter began the quest for the Orb.
     0 | D:1      | Reached XP level 1. HP: 18/18 MP: 1/1
   214 | D:1      | Reached XP level 2. HP: 12/24 MP: 2/2
   984 | D:2      | Reached XP level 3. HP: 26/29 MP: 3/3
  1038 | D:2      | Found a snail-covered altar of Cheibriados.
  1062 | D:2      | Became a worshipper of Cheibriados the Contemplative
  1302 | D:2      | Noticed Jessica
  1303 | D:2      | Noticed Sigmund
  1306 | D:2      | Killed Jessica
  1307 | D:2      | Reached skill level 4 in Armour
  1307 | D:2      | Reached XP level 4. HP: 23/37 MP: 4/4
  1315 | D:2      | Killed from afar by Sigmund

Illustrated notes

Levels and vault maps discovered:
D:1:      wander_arrival_desolate, layout_basic, chequers_mini_garden,
          minmay_door_square, glass_columns_b, minivault_14
D:2:      layout_basic, shapermc_ecumenical_altar_starsandcircs, basic_altar,
          uniq_sigmund, uniq_jessica, uniq_crazy_yiuf_cottage

Skill      XL: |  1  2  3 |
---------------+----------+-----
Staves         | 3 |  3.1
Armour         | 4 |  4.2
Fighting       | |  3.8
Shields        | |  3.9

Action                   |  1- 3 |  4- 6 || total
-------------------------+-------+-------++-------
Melee: Quarterstaff      |    68 |     4 ||    72
 Abil: Dig               |     1 |       ||     1
  Use: Potion            |       |     1 ||     1
Armor: Scale mail        |    27 |     4 ||    31
Dodge: Dodged            |    39 |     4 ||    43
Block: Buckler           |    17 |     1 ||    18

Table legend: (Time is in decaauts)
 A = Elapsed time spent in this place.
 B = Non-inter-level travel time spent in this place.
 C = Inter-level travel time spent in this place.
 D = Time resting spent in this place.
 E = Time spent auto-exploring this place.
 F = Levels seen in this place.
 G = Mean time per level.
                   A        B        C        D        E       F      G
               +--------+--------+--------+--------+--------+-----+--------+
         Total |   1357 |   1357 |      0 |    348 |      0 |   2 |  678.5 |
       Dungeon |   1357 |   1357 |      0 |    348 |      0 |   2 |  678.5 |
               +--------+--------+--------+--------+--------+-----+--------+

Top non-repeatable levels by time:
     D:1: 959 daAuts
     D:2: 398 daAuts
